 Dungeon Crawl Stone Soup version 0.29.1-15-g9cfb28693d (webtiles) character file.

Game seed: 8987539000133352814

204 cdecastro the Ruffian (level 5, -1/50 HPs)
             Began as a Troll Fighter on Mar 25, 2023.
             Slain by an orc wizard
             ... wielding a +0 dagger
              (3 damage)
             ... on level 3 of the Dungeon.
             The game lasted 00:03:15 (2162 turns).

cdecastro the Ruffian (Troll Fighter)               Turns: 2162, Time: 00:03:16

Health: -1/50      AC:  4    Str: 26    XL:     5   Next: 52%
Magic:  4/4        EV: 10    Int:  4    God:
Gold:   154        SH:  0    Dex:  9    Spells: 4/4 levels left

rFire   . . .      SeeInvis .     - Unarmed
rCold   . . .      Faith    .   (no shield)
rNeg    . . .      Spirit   .   a - +0 robe
rPois   .          Reflect  .   (helmet restricted)
rElec   .          Harm     .   (no cloak)
rCorr   .          Rampage  .   (gloves unavailable)
Will    .....                   (boots unavailable)
Stlth   +.........              (no amulet)
HPRegen 0.96/turn               (no ring)
MPRegen 0.09/turn               (no ring)

@: confused
A: large, unfitting armour, claws 3, regeneration 1, shaggy fur 1, tough skin 1
a: no special abilities


You were on level 3 of the Dungeon.
You visited 1 branch of the dungeon, and saw 3 of its levels.

You collected 154 gold pieces.

Inventory:

Missiles
 e - 3 poisoned darts (quivered)
 f - 27 stones
 i - 2 throwing nets
Armour
 a - a +0 robe (worn)
 b - a +0 kite shield
Magical Staves
 g - a staff of poison
Jewellery
 d - an amulet of guardian spirit
Scrolls
 j - 3 scrolls of teleportation {unknown}
 k - 2 scrolls of amnesia {unknown}
 l - 3 scrolls of fear {unknown}
Potions
 c - 2 potions of might
 h - a potion of brilliance {unknown}
 m - a potion of flight {unknown}
 n - a potion of mutation {unknown}
 o - a potion of degeneration {unknown}
 p - a potion of curing {unknown}
 q - a potion of attraction {unknown}


   Skills:
 - Level 2.4 Fighting
 - Level 2.4 Dodging
 - Level 2.6 Shields
 + Level 5.9 Unarmed Combat


You had 4 spell levels left.
You didn't know any spells.
Your spell library contained the following spells:

 Spells                   Type           Power      Damage    Failure   Level
 Slow                     Hex            0%         N/A       50%         1
 Confusing Touch          Hex            0%         N/A       86%         3
 Ozocubu's Armour         Ice            0%         N/A       86%         3
 Vampiric Draining        Necr           0%         2d6       86%         3
 Ozocubu's Refrigeration  Ice            0%         4d7       100%        7


Dungeon Overview and Level Annotations

Branches:
Dungeon (3/15)

Altars:
Kikubaaqudgha
Sif Muna
Vehumet

Annotations:
D:3 1 transporter


Innate Abilities, Weirdness & Mutations

You are too large for most types of armour.
You have claws for hands.
Your natural rate of healing is unusually fast.
You are covered in fur. (AC +1)
You have tough skin. (AC +1)


Message History

* * * LOW HITPOINT WARNING * * *
The orc wizard points at you and mumbles some strange words.
You are confused.
Unknown command.
You completely miss something. Something hits you.
* * * LOW HITPOINT WARNING * * *
The orc wizard casts a spell.
The orc wizard flickers and vanishes!
Something hits you.
* * * LOW HITPOINT WARNING * * *
The orc wizard points at you and mumbles some strange words.
You are more confused.
You bump into the stone wall.
Something hits you but does no damage. Something hits you.
* * * LOW HITPOINT WARNING * * *
Something hits you.
* * * LOW HITPOINT WARNING * * *
The orc wizard hits you with a +0 dagger.
* * * LOW HITPOINT WARNING * * *
You bump into the stone wall.
Something hits you.
* * * LOW HITPOINT WARNING * * *
Something hits you but does no damage. Something hits you.
* * * LOW HITPOINT WARNING * * *
The orc wizard hits you with a +0 dagger.
* * * LOW HITPOINT WARNING * * *
Unknown command.
You completely miss something.
Something hits you but does no damage. x2
You hear some strange, mumbled words.
A magic dart appears from out of thin air!
The magic dart hits you.
* * * LOW HITPOINT WARNING * * *
The orc wizard hits you but does no damage.
Unknown command.
You miss the orc wizard. Something hits you but does no damage.
The orc wizard hits you but does no damage.
You hear some strange, mumbled words.
A puff of flame appears from out of thin air!
The puff of flame hits you!
* * * LOW HITPOINT WARNING * * *
Something hits you.
You die...

..# #..#.##........### #.# ..#
######..#.##........# #.#
.[####............###.#### #..
....##.####....#### #.# ##.
..................###.### #.
....##.#####.#.####.....## #.
.##.##.# ###.#.###..⌠.⌠..## #.
.##.##.# #.....##o...⌠....## #.
.##.##.###.###.#@{..⌠.⌠....# #.
###........# #.#.{.........# #.
#.....###.###.##)###'###'######.
##..##.........#...#.).#.).#.....
....##.#####...#._.#._.#._.#.####
##.<##.# #.###############.#
#..##.# #.# #.# #..##.#####.# #.#
##...........# #.#


You could see an orc wizard.

Vanquished Creatures
  An orc priest (D:3)
  3 orc wizards (D:3)
  3 adders
  4 dart slugs
  2 orcs (D:3)
  6 ball pythons
  7 endoplasms
  A giant cockroach (D:1)
  3 goblins
  9 hobgoblins
  6 jackals
  2 kobolds (D:1)
  4 quokkas
  2 bats
  2 frilled lizards
  4 rats
59 creatures vanquished.

Notes
Turn   | Place    | Note
-------+----------+-------------------------------------------
     0 | D:1      | cdecastro the Troll Fighter began the quest for the Orb.
     0 | D:1      | Reached XP level 1. HP: 22/22 MP: 0/0
   138 | D:1      | Reached XP level 2. HP: 29/29 MP: 1/1
   157 | D:1      | Reached skill level 3 in Unarmed Combat
   385 | D:1      | Reached XP level 3. HP: 36/36 MP: 2/2
   915 | D:2      | Reached skill level 4 in Unarmed Combat
  1100 | D:2      | Found a faded altar of an unknown god.
  1486 | D:2      | Reached XP level 4. HP: 44/44 MP: 3/3
  1861 | D:3      | Found a transporter.
  1986 | D:3      | Reached skill level 5 in Unarmed Combat
  2115 | D:3      | Found a radiant altar of Vehumet.
  2120 | D:3      | Reached XP level 5. HP: 46/50 MP: 4/4
  2127 | D:3      | Found an ancient bone altar of Kikubaaqudgha.
  2140 | D:3      | Found a shimmering blue altar of Sif Muna.
  2162 | D:3      | HP: 2/50 [something/puff of flame (7)]
  2162 | D:3      | Slain by an orc wizard

Illustrated notes

Levels and vault maps discovered:
D:1:      tarquinn_simple_flora_water_f, layout_basic
D:2:      layout_basic, serial_rivers, chequers_serial_rivers_micro_a,
          chequers_serial_rivers_large_b, chequers_serial_rivers_micro_e,
          chequers_serial_rivers_room_a, chequers_serial_rivers_micro_e,
          shapermc_ecumenical_altar_venn, st_stairs_6,
          minmay_randomly_rotated_circles
D:3:      layout_loops_ring, palyth_temple_overflow_mages,
          gammafunk_ghost_mausoleum

Skill      XL: |  1  2  3  4 |
---------------+-------------+-----
Unarmed Combat | 3 4 5 |  5.9
Fighting       | |  2.4
Dodging        | |  2.4
Shields        | |  2.6

Action                   |  1- 3 |  4- 6 || total
-------------------------+-------+-------++-------
Melee: Unarmed           |   129 |    46 ||   175
 Stab: Sleeping          |       |     1 ||     1
Armor: Robe              |    55 |    25 ||    80
Dodge: Dodged            |    63 |    16 ||    79
